 Dungeon Crawl Stone Soup version 0.23-a0-171-g5ae17c6 (webtiles) character file.

165 grindst0ne the Archer (level 5, -9/41 HPs)
             Began as a Centaur Hunter on Sept 13, 2018.
             Was an Initiate of Okawaru.
             Mangled by a crocodile (16 damage)
             ... in a sewer.
             The game lasted 00:06:07 (3590 turns).

grindst0ne the Archer (Centaur Hunter)              Turns: 3590, Time: 00:06:08

Health: -9/41      AC:  4    Str: 14    XL:     5   Next: 22%
Magic:  5/5        EV: 11    Int: 10    God:    Okawaru [......]
Gold:   53         SH:  0    Dex: 11    Spells: 4/4 levels left

rFire    . . .     SeeInvis .   a - +1 shortbow
rCold    . . .     Gourm    .   (shield currently unavailable)
rNeg     . . .     Faith    .   c - +0 leather armour
rPois    .         Spirit   .   (no helmet)
rElec    .         Reflect  .   (no cloak)
rCorr    .         Harm     .   (no gloves)
MR       .....                  (no barding)
Stlth    +.........             (no amulet)
HPRegen  0.13/turn              g - +2 ring of evasion
MPRegen  0.09/turn              (no ring)

@: very slow
A: large, hooves 3, deformed body, speed 2, tough skin 3
a: Renounce Religion


You were in a sewer.
You worshipped Okawaru.
Okawaru was noncommittal.
You were not hungry.

You visited 1 branch of the dungeon, and saw 3 of its levels.
You also visited: Sewer.

You collected 53 gold pieces.

Inventory:

Hand Weapons
 a - a +1 shortbow (weapon)
 b - a +0 short sword
Missiles
 d - 31 arrows (quivered)
Armour
 c - a +0 leather armour (worn)
Jewellery
 g - a +2 ring of evasion (left hand)
Wands
 p - a wand of scattershot (5)
Scrolls
 e - a scroll of blinking
 h - a scroll of identify
 i - a scroll of enchant weapon
 j - 2 scrolls of immolation
 l - a scroll of magic mapping {unknown}
 n - a scroll of teleportation {unknown}
 o - a scroll of enchant armour {unknown}
 r - a scroll of fear {unknown}
Potions
 m - a potion of agility {unknown}
 q - a potion of mutation {unknown}
Comestibles
 f - 8 rations
 k - 3 chunks of flesh


   Skills:
 - Level 2.0 Fighting
 + Level 8.7 Bows
 - Level 1.3 Dodging
 - Level 0.4 Stealth


You had 4 spell levels left.
You didn't know any spells.
Your spell library was empty.

Dungeon Overview and Level Annotations

Branches:
Dungeon (3/15)

Altars:
Ashenzari
Kikubaaqudgha
Okawaru
Ru


Innate Abilities, Weirdness & Mutations

You have hooves in place of feet.
Armour fits poorly on your strangely shaped body.
You cover ground very quickly.
You have extremely tough skin. (AC +3)


Message History

Firing (i - inventory)
d - 32 arrows (quivered)
Press: ? - help, Shift-Dir - straight line, f/p - crocodile
Aim: a crocodile (heavily wounded)
You shoot an arrow.
The arrow hits the crocodile but does no damage.
The crocodile is heavily wounded.
You hear a splash.
The crocodile bites you!
Okay, then.
You enter the shallow water.
Moving in this stuff is going to be slow.
The crocodile bites you.
Things that are here:
a whip; a stone The crocodile bites you.
* * * LOW HITPOINT WARNING * * *
The crocodile bites you.
* * * LOW HITPOINT WARNING * * *
The crocodile bites you!
You die...

#........#.∩∩.#
#...#....#....#
#######..#..###
#####..((...####
#≈≈≈≈≈≈()≈((≈≈≈#
#####...≈..(####
####≈#### #t#
##@## #.≈.#
##≈≈≈## #..≈..#
#.≈≈..##
#...#(..#
#≈≈###≈≈## #.≈≈
#.≈.# #≈.# ##≈.#


You could see a crocodile.

Vanquished Creatures
  A bullfrog (D:3)
  An adder (D:2)
  2 oozes
  2 worms (D:3)
  4 leopard geckos
  10 bats
  2 giant cockroaches
  6 goblins
  8 hobgoblins
  9 jackals
  A quokka (D:2)
  2 frilled lizards (D:2)
  15 kobolds
  5 rats
68 creatures vanquished.

Notes
Turn   | Place    | Note
-------+----------+-------------------------------------------
     0 | D:1      | grindst0ne the Centaur Hunter began the quest for the Orb.
     0 | D:1      | Reached XP level 1. HP: 17/17 MP: 1/1
    57 | D:1      | Reached XP level 2. HP: 20/24 MP: 2/2
    68 | D:1      | Reached skill level 6 in Bows
   713 | D:1      | Reached XP level 3. HP: 28/29 MP: 3/3
  1197 | D:1      | Reached skill level 7 in Bows
  1748 | D:2      | Found a sacrificial altar of Ru.
  2267 | D:2      | Reached XP level 4. HP: 36/36 MP: 4/4
  2283 | D:2      | Found an iron altar of Okawaru.
  2298 | D:2      | Became a worshipper of Warmaster Okawaru
  2757 | D:2      | Found a shattered altar of Ashenzari.
  2978 | D:3      | Noticed a bullfrog
  3013 | D:3      | Killed a bullfrog
  3013 | D:3      | Reached skill level 8 in Bows
  3013 | D:3      | Reached XP level 5. HP: 14/41 MP: 5/5
  3192 | D:3      | Found an ancient bone altar of Kikubaaqudgha.
  3401 | D:3      | Found a glowing drain.
  3439 | Sewer    | Entered a sewer
  3556 | Sewer    | Noticed a crocodile
  3590 | Sewer    | Mangled by a crocodile

Vault maps used:
D:1:      lemuel_arrival_room, minmay_pentomino_o2
D:2:      evilmike_ruin_ashenzari, lemuel_doored_altar, first_ration,
          okawaru_metal_pillars_1_2
D:3:      lemuel_round_altar, cheibrodos_sewer_entry_bend
Sewer:    sewer_the_crocodile

Skill      XL: |  1  2  3  4 |
---------------+-------------+-----
Bows           | 6 7 8 |  8.7
Fighting       | |  2.0
Dodging        | |  1.3
Stealth        | |  0.4

Action                   |  1- 3 |  4- 6 || total
-------------------------+-------+-------++-------
Melee: Short sword       |   147 |    77 ||   224
       Kick              |    29 |    11 ||    40
 Fire: Shortbow          |    13 |    22 ||    35
  Use: Scroll            |       |     4 ||     4
       Potion            |       |     1 ||     1
  Eat: Chunk             |     3 |     4 ||     7
Armor: Leather armour    |    56 |    30 ||    86
Dodge: Dodged            |    76 |    63 ||   139

Table legend:
 A = Non-vault XP
 B = Vault XP
 C = Vault XP percentage of total XP
 D = Non-vault monster count
 E = Vault monster count
 F = Vault count percentage of total count
                 A         B        C        D         E       F
            +---------+---------+-------+---------+---------+-------
      Total |     214 |      23 |   9.7 |      59 |       9 |  13.2
            +---------+---------+-------+---------+---------+-------
        D:1 |      67 |       4 |   5.6 |      38 |       2 |   5.0
        D:2 |      47 |       0 |   0.0 |      17 |       0 |   0.0
        D:3 |     100 |      10 |   9.1 |       4 |       2 |  33.3
      Sewer |       0 |       9 | 100.0 |       0 |       5 | 100.0
            +---------+---------+-------+---------+---------+-------
